 Dungeon Crawl Stone Soup version 0.27-a0-1365-ge71e8f7681 (webtiles) character file.

Game seed: 2324892532052693028

1730 BlueGoblin the Shield-Bearer (level 9, 0/45 HPs)
             Began as a Vine Stalker Fighter on June 28, 2021.
             Was a Believer of Uskayaw.
             Slain by an orc priest (5 damage)
             ... on level 6 of the Dungeon.
             The game lasted 00:13:09 (6143 turns).

BlueGoblin the Shield-Bearer (Vine Stalker Fighter) Turns: 6143, Time: 00:13:10

Health: 0/45       AC: 12    Str: 20    XL:     9   Next: 5%
Magic:  0/10       EV:  9    Int:  8    God:    Uskayaw [**....]
Gold:   348        SH: 11    Dex: 16    Spells: 8/8 levels left

rFire    . . .     SeeInvis .   h - +3 dagger (freeze)
rCold    . . .     Faith    .   c - +1 kite shield
rNeg     . . .     Spirit   +   b - +0 scale mail
rPois    .         Reflect  .   (no helmet)
rElec    .         Harm     .   (no cloak)
rCorr    .         Rampage  .   (no gloves)
Will     +....                  m - +0 pair of boots {Fly}
Stlth    +.........             (no amulet)
HPRegen  1.15/turn              i - +4 ring of protection
MPRegen  0.12/turn              (no ring)

@: flying, hasted, very quick
A: fangs 3, regeneration 1, magic shield, antimagic bite, no potion heal 2
a: Renounce Religion, Stomp, Line Pass


You were on level 6 of the Dungeon.
You worshipped Uskayaw.
Uskayaw was noncommittal.
You visited 2 branches of the dungeon, and saw 7 of its levels.

You collected 348 gold pieces.

Inventory:

Hand Weapons
 a - a +1 rapier
 h - a +3 dagger of freezing (weapon)
Missiles
 j - 3 silver boomerangs (quivered)
 n - 8 curare-tipped darts
Armour
 b - a +0 scale mail (worn)
 c - a +1 kite shield (worn)
 m - a +0 pair of boots of flying (worn)
Jewellery
 i - a +4 ring of protection (left hand)
 v - an amulet of magic regeneration
Wands
 e - a wand of iceblast (5)
 w - a wand of charming (10)
Scrolls
 d - a scroll of holy word
 o - 2 scrolls of teleportation
 p - a scroll of fear
 q - 3 scrolls of identify
 t - a scroll of immolation {unknown}
Potions
 f - 2 potions of ambrosia {unknown}
 g - a potion of haste
 k - a potion of flight {unknown}
 r - 2 potions of attraction {unknown}
 s - a potion of might
 u - a potion of resistance {unknown}


   Skills:
 + Level 4.0 Fighting
 + Level 5.1 Short Blades
 + Level 0.2 Throwing
 + Level 5.6 Armour
 + Level 2.5 Dodging
 + Level 2.0 Stealth
 + Level 6.0 Shields


You had 8 spell levels left.
You didn't know any spells.
Your spell library contained the following spells:

 Spells                   Type           Power      Damage    Failure   Level
 Poisonous Vapours        Pois/Air       0%         N/A       99%         2
 Conjure Flame            Conj/Fire      0%         6-21      100%        3
 Mephitic Cloud           Conj/Pois/Air  0%         N/A       100%        3
 Freezing Cloud           Conj/Ice/Air   0%         6-21      100%        5


Dungeon Overview and Level Annotations

Branches:
Dungeon (6/15)             Temple (1/1) D:4

Altars:
Ashenzari
Cheibriados
Dithmenos
Elyvilon
Fedhas
Gozag
Hepliaklqana
Kikubaaqudgha
Makhleb
Nemelex Xobeh
Okawaru
Qazlal
Ru
Sif Muna
Trog
Uskayaw
Vehumet
Wu Jian
Xom
Yredelemnul
Zin
The Shining One


Innate Abilities, Weirdness & Mutations

You have razor-sharp teeth.
Your natural rate of healing is unusually fast.
When hurt, damage is shared between your health and your magic reserves.
Your bite disrupts and absorbs the magic of your enemies.
Potions cannot restore your health.


Message History

The orc priest is severely wounded.
You feel very sick. You block the orc priest's attack. The orc misses you.
You closely miss the orc warrior. You bite the orc warrior.
You drain its power.
You feel invigorated.
The orc warrior is lightly wounded.
You feel sick.
The orc priest invokes the aid of Beogh against you.
Beogh smites you! You block the orc priest's attack.
You block the orc's attack.
The orc priest hits you but does no damage.
You hit the orc warrior. You freeze the orc warrior.
You bite the orc warrior, but do no damage.
The orc warrior is moderately wounded.
You feel sick.
The orc priest calls upon Beogh to heal the orc priest.
The orc priest is healed somewhat.
The orc priest mumbles some strange prayers to Beogh against you.
Beogh smites you!
* * * LOW HITPOINT WARNING * * *
The orc warrior hits you with a +2 short sword of venom.
* * * LOW HITPOINT WARNING * * *
You are lethally poisoned!
You block the orc priest's attack. The orc closely misses you.
Your system rejects the healing.
You feel better. The orc priest barely misses you.
The orc hits you but does no damage.
The orc priest hits you but does no damage.
The orc warrior hits you with a +2 short sword of venom!
* * * LOW HITPOINT WARNING * * *
You are lethally poisoned!
Your system rejects the healing.
You feel better.
The orc priest hits you with a +0 hand axe.
* * * LOW HITPOINT WARNING * * *
The orc priest casts a cantrip, but nothing happens.
You block the orc warrior's attack. The orc barely misses you.
You feel yourself speed up.
The orc priest hits you but does no damage.
You block the orc warrior's attack. The orc hits you but does no damage.
The orc priest hits you with a +0 falchion.
You die...

#......................#.###.
#......................#.# #.
##..........##+#######.#.# #.
#########.....# #.#.# #.
#.######### #...# #.
#.........# ##..###.
#.........# #......
#.........# ##.###.
#.o@o.....#####.##..
########o########.....#..
.......oo# #..... .......oo#
###.... ......?.o# +......
.........# ###.... .........#
#.... .........# #.#..
..(......# #...>


You could see an orc warrior, 2 orc priests and 5 orcs.

Vanquished Creatures
  A kobold demonologist (D:6)
  Grinder (D:3)
  An acid dragon (D:5)
  An orc warrior (D:5)
  A black bear (D:2)
  A necrophage (D:6)
  3 ogres
  2 kobold brigands (D:6)
  2 scorpions
  A hound (D:4)
  An orc priest (D:5)
  A bullfrog skeleton (D:4)
  2 iguanas
  An orc wizard (D:5)
  A hound skeleton (D:4)
  11 adders
  2 river rats (D:5)
  2 shadow imps (D:5)
  An adder skeleton (D:4)
  An adder zombie (D:5)
  2 worms
  A dart slug (D:3)
  8 orcs
  6 ball pythons
  2 endoplasms
  4 giant cockroaches
  6 goblins
  5 hobgoblins
  3 jackals (D:3)
  4 quokkas
  3 bats
  A frilled lizard (D:3)
  14 kobolds
  3 rats
99 creatures vanquished.

Notes
Turn   | Place    | Note
-------+----------+-------------------------------------------
     0 | D:1      | BlueGoblin the Vine Stalker Fighter began the quest for the
                  | Orb.
     0 | D:1      | Reached XP level 1. HP: 11/11 MP: 2/2
   335 | D:1      | Found a faded altar of an unknown god.
   404 | D:1      | Reached XP level 2. HP: 16/16 MP: 3/3
   703 | D:2      | Reached skill level 3 in Shields
   705 | D:2      | Reached XP level 3. HP: 5/19 MP: 2/4
  1420 | D:2      | Noticed a black bear
  1747 | D:2      | Killed a black bear
  1748 | D:2      | Gained mutation: Your natural rate of healing is unusually
                  | fast. [Vine Stalker growth]
  1748 | D:2      | Reached XP level 4. HP: 15/24 MP: 2/5
  1748 | D:2      | Reached XP level 5. HP: 18/28 MP: 2/6
  1812 | D:2      | Reached skill level 1 in Dodging
  2403 | D:3      | Noticed Grinder
  2423 | D:3      | Killed Grinder
  2424 | D:3      | Reached skill level 4 in Shields
  2424 | D:3      | Reached XP level 6. HP: 20/32 MP: 3/7
  3013 | D:4      | Reached XP level 7. HP: 21/36 MP: 6/8
  3039 | D:4      | Found a staircase to the Ecumenical Temple.
  3056 | Temple   | Entered the Ecumenical Temple
  3360 | Temple   | Became a worshipper of Uskayaw the Reveller
  3491 | D:4      | Reached * piety under Uskayaw
  3501 | D:4      | Reached ** piety under Uskayaw
  4761 | D:5      | Entered Level 5 of the Dungeon
  4860 | D:5      | Reached skill level 1 in Stealth
  4860 | D:5      | Gained mutation: You have razor-sharp teeth. [Vine Stalker
                  | growth]
  4860 | D:5      | Reached XP level 8. HP: 21/41 MP: 9/9
  5035 | D:5      | Reached skill level 5 in Armour
  5035 | D:5      | Reached skill level 5 in Shields
  5036 | D:5      | Reached *** piety under Uskayaw
  5043 | D:5      | Reached **** piety under Uskayaw
  5682 | D:6      | Found a glowing silver altar of Zin.
  5937 | D:6      | Noticed a kobold demonologist
  5966 | D:6      | Killed a kobold demonologist
  5967 | D:6      | Reached skill level 5 in Short Blades
  5967 | D:6      | Reached XP level 9. HP: 44/45 MP: 8/10
  5972 | D:6      | Reached skill level 6 in Shields
  6143 | D:6      | Slain by an orc priest

Illustrated notes

Levels and vault maps discovered:
D:1:      scummos_arrival_star, layout_basic, ebering_ecumenical_altar_webs
D:2:      layout_basic, chequers_jeans
D:3:      layout_rooms, uniq_grinder
D:4:      layout_basic, temple_doors_e, eino_small_chamber_without_monster
D:5:      layout_rooms, gup_sewer_entry_bubbles, corexii_shack,
          guppyfry_early_orc_mine
D:6:      layout_basic, nicolae_overflow_hidden_temple,
          minmay_misc_feat_four_crosses, chequers_serial_rivers_micro_b,
          grunt_tough_drop, uniq_crazy_yiuf_cottage
Temple:   roderic_octagonal_lattice_temple

Skill      XL: |  1  2  3  4  5  6  7  8  9 |
---------------+----------------------------+-----
Shields        | 3 4 5 6 |  6.0
Short Blades   | 2 3 4 5 |  5.1
Fighting       | 3 4 |  4.0
Armour         | 3 4 5 |  5.6
Dodging        | 1 2 |  2.5
Stealth        | 1 2 |  2.0
Throwing       | |  0.2

Action                   |  1- 3 |  4- 6 |  7- 9 || total
-------------------------+-------+-------+-------++-------
Melee: Rapier            |    74 |    44 |       ||   118
       Bite              |    15 |    31 |    90 ||   136
       Dagger            |       |    63 |   257 ||   320
Throw: Boomerang         |       |     2 |       ||     2
Invok: Stomp             |       |       |     3 ||     3
       Line Pass         |       |       |     2 ||     2
  Use: Potion            |     1 |       |     3 ||     4
       Scroll            |     1 |     8 |     3 ||    12
 Stab: Paralysed         |       |       |     3 ||     3
Armor: Scale mail        |    56 |    45 |    87 ||   188
Dodge: Dodged            |    30 |    39 |    79 ||   148
Block: Kite shield       |    38 |    62 |   132 ||   232

Table legend: (Time is in decaauts)
 A = Elapsed time spent in this place.
 B = Non-inter-level travel time spent in this place.
 C = Inter-level travel time spent in this place.
 D = Time resting spent in this place.
 E = Time spent auto-exploring this place.
 F = Levels seen in this place.
 G = Mean time per level.
                   A        B        C        D        E       F      G
               +--------+--------+--------+--------+--------+-----+--------+
         Total |   6183 |   5869 |    314 |    720 |   3973 |   7 |  883.3 |
       Dungeon |   5862 |   5588 |    274 |    720 |   3695 |   6 |  977.0 |
        Temple |    320 |    280 |     40 |      0 |    278 |   1 |  320.0 |
               +--------+--------+--------+--------+--------+-----+--------+

Top non-repeatable levels by time:
     D:2: 1638 daAuts
     D:4: 1450 daAuts
     D:3: 971 daAuts
     D:5: 795 daAuts
     D:6: 581 daAuts
     D:1: 424 daAuts
  Temple: 320 daAuts
